 Dungeon Crawl Stone Soup version 0.26-a0-1164-g1a551d6a14 (webtiles) character file.

Game seed: 2659743003125054709

524208 mhtbhm the Hoplite (level 24, -7/243 HPs)
             Began as a Minotaur Fighter on Dec 22, 2020.
             Was the Champion of Okawaru.
             Killed from afar by an ancient lich (51 damage)
             ... with a bolt of acid
             ... on level 10 of a ziggurat on Dec 23, 2020.
             The game lasted 02:16:00 (56463 turns).

mhtbhm the Hoplite (Minotaur Fighter)              Turns: 56463, Time: 02:16:01

Health: -7/243     AC: 39    Str: 31    XL:     24   Next: 21%
Magic:  29/29      EV: 26    Int:  8    God:    Okawaru [******]
Gold:   5069       SH: 27    Dex: 19    Spells: 23/23 levels left

rFire    + + .     SeeInvis +   U - +7 war axe "Omyosif" {holy, *Noise rF++}
rCold    + . .     Faith    .   o - +2 kite shield {AC+3}
rNeg     + + +     Spirit   .   b - +10 gold dragon scales
rPois    +         Reflect  +   H - +3 crown of Dyrovepreva {rElec Int+2 SInv}
rElec    +         Harm     .   q - +1 cloak {Will+}
rCorr    .         Rampage  .   s - +0 pair of gloves of the Albatross {rF- rN++ Dex+7}
Will     ++...                  t - +1 pair of boots of Urisiha {rF+ rN+ Stlth+}
Stlth    ..........             R - amulet of Xushrid {Reflect rF- Int+3 Dex+2 SH+5}
HPRegen  0.50/turn              f - ring of Phasing {EV+8}
MPRegen  0.21/turn              I - ring of Qacw {+Blink rN+ EV+4 Dex-2}

@: corroded, studying Ice Magic
A: retaliatory headbutt, horns 2, yellow scales 1, dopey 1, low mp 1, sense
surroundings 1, poison resistance
}: 3/15 runes: decaying, silver, gossamer
a: Renounce Religion, Evoke Blink, Heroism, Finesse


You were on level 10 of a ziggurat.
You worshipped Okawaru.
Okawaru was exalted by your worship.
You visited 8 branches of the dungeon, and saw 40 of its levels.
You visited 1 ziggurat, and saw 10 of its levels.
You also visited: Ossuary, Gauntlet and Ice Cave.

You collected 6762 gold pieces.
You spent 1693 gold pieces at shops.

Inventory:

Hand Weapons
 w - a +3 trishula of holy wrath
 y - a +9 vampiric broad axe
 U - the +7 war axe "Omyosif" (weapon) {holy, *Noise rF++}
   (Okawaru gifted it to you on level 1 of the Orcish Mines)

   It has been blessed by the Shining One to cause great damage to the undead
   and demons.
   It greatly protects you from fire.
   It may make noises in combat.
 Y - a +4 broad axe of draining
Missiles
 n - 19 curare-tipped darts (quivered)
Armour
 b - +10 gold dragon scales (worn)
 o - a +2 kite shield of protection (worn)
 q - a +1 cloak of willpower (worn)
 s - the +0 pair of gloves of the Albatross (worn) {rF- rN++ Dex+7}
   (You found it in a Gauntlet)

   It affects your dexterity (+7).
   It makes you vulnerable to fire.
   It greatly protects you from negative energy.
 t - the +1 pair of boots of Urisiha (worn) {rF+ rN+ Stlth+}
   (You found it in a Gauntlet)

   It protects you from fire.
   It protects you from negative energy.
   It makes you more stealthy.
 H - the +3 crown of Dyrovepreva (worn) {rElec Int+2 SInv}
   (You bought it in a shop on level 1 of the Depths)

   It affects your intelligence (+2).
   It insulates you from electricity.
   It lets you see invisible.
 P - a +0 hat of willpower
 X - a +2 cloak of cold resistance
Jewellery
 c - the amulet of Rarhanli {rElec Regen+}
   (You took it off a vault warden on level 5 of the Vaults)

   [amulet of regeneration]

   It insulates you from electricity.
   It increases your rate of regeneration.
 f - the ring of Phasing (left hand) {EV+8}
   (You found it on level 7 of a ziggurat)

   [ring of evasion]

   It affects your evasion (+8).
 p - an uncursed ring of resist corrosion
 u - an uncursed ring of positive energy
 z - an uncursed ring of protection from cold
 E - the ring of the Invisible Hand {+Fly rElec rPois}
   (You found it on level 8 of a ziggurat)

   [ring of poison resistance]

   It insulates you from electricity.
   It protects you from poison.
   It lets you fly.
 I - the ring of Qacw (right hand) {+Blink rN+ EV+4 Dex-2}
   (You found it on level 7 of a ziggurat)

   [ring of evasion]

   It affects your evasion (+4).
   It affects your dexterity (-2).
   It protects you from negative energy.
   It lets you blink.
 R - the amulet of Xushrid (around neck) {Reflect rF- Int+3 Dex+2 SH+5}
   (You found it on level 5 of the Vaults)

   [amulet of reflection]

   It shields you and reflects attacks.
   It affects your intelligence (+3).
   It affects your dexterity (+2).
   It makes you vulnerable to fire.
   It affects your SH (+5).
Wands
 m - a wand of digging (17)
 S - a wand of acid (22)
 W - a wand of disintegration (17)
Scrolls
 d - 7 scrolls of blinking
 h - 11 scrolls of magic mapping
 i - 11 scrolls of fear
 j - 40 scrolls of teleportation
 r - 5 scrolls of fog
 J - 3 scrolls of immolation
 K - 2 scrolls of holy word
 L - a scroll of silence
 M - 7 scrolls of identify
 N - 16 scrolls of remove curse
 O - 4 scrolls of summoning
 Q - 5 scrolls of enchant weapon
Potions
 a - a potion of experience
 e - 7 potions of curing
 k - 10 potions of flight
 l - 4 potions of might
 x - a potion of invisibility
 A - 5 potions of mutation
 B - 10 potions of haste
 D - 3 potions of resistance
 F - 3 potions of heal wounds
 G - 5 potions of cancellation
 V - 2 potions of berserk rage
Books
 T - a manual of Ice Magic
Miscellaneous
 g - a condenser vane
 v - a phantom mirror
 Z - a tin of tremorstones (2/2)


   Skills:
 + Level 25.5 Fighting
 - Level 23.2(23.3) Axes
 + Level 3.9(16.3) Maces & Flails
 + Level 0.8 Throwing
 + Level 18.6 Armour
 * Level 10.6 Dodging
 - Level 0.5 Stealth
 - Level 25.7 Shields
 - Level 15.1 Invocations
 - Level 4.1 Evocations


You had 23 spell levels left.
You didn't know any spells.
Your spell library contained the following spells:

 Spells                   Type           Power        Failure   Level
 Animate Skeleton         Necr           0%           99%         1
 Beastly Appendage        Tmut           0%           99%         1
 Corona                   Hex            0%           99%         1
 Foxfire                  Conj/Fire      0%           99%         1
 Freeze                   Ice            0%           99%         1
 Pain                     Necr           0%           99%         1
 Sandblast                Erth           0%           99%         1
 Shock                    Conj/Air       0%           99%         1
 Sting                    Tmut/Pois      0%           99%         1
 Summon Small Mammal      Summ           0%           99%         1
 Call Imp                 Summ           0%           100%        2
 Ensorcelled Hibernation  Hex/Ice        0%           100%        2
 Passwall                 Tmut/Erth      0%           100%        2
 Poisonous Vapours        Pois/Air       0%           100%        2
 Swiftness                Air            0%           100%        2
 Wereblood                Tmut           0%           100%        2
 Call Canine Familiar     Summ           0%           100%        3
 Confusing Touch          Hex            0%           100%        3
 Conjure Flame            Conj/Fire      0%           100%        3
 Dazzling Flash           Conj/Hex       0%           100%        3
 Frozen Ramparts          Ice            0%           100%        3
 Gell's Gravitas          Tloc           0%           100%        3
 Ignite Poison            Fire/Tmut/Pois 0%           100%        3
 Inner Flame              Hex/Fire       0%           100%        3
 Mephitic Cloud           Conj/Pois/Air  0%           100%        3
 Ozocubu's Armour         Ice            0%           100%        3
 Spider Form              Tmut/Pois      0%           100%        3
 Static Discharge         Conj/Air       0%           100%        3
 Stone Arrow              Conj/Erth      0%           100%        3
 Summon Guardian Golem    Hex/Summ       0%           100%        3
 Tukima's Dance           Hex            0%           100%        3
 Vampiric Draining        Necr           0%           100%        3
 Airstrike                Air            0%           100%        4
 Animate Dead             Necr           0%           100%        4
 Cause Fear               Hex            0%           100%        4
 Hailstorm                Conj/Ice       0%           100%        4
 Ice Form                 Ice/Tmut       0%           100%        4
 Petrify                  Tmut/Erth      0%           100%        4
 Sticky Flame             Conj/Fire      0%           100%        4
 Summon Ice Beast         Ice/Summ       0%           100%        4
 Summon Lightning Spire   Summ/Air       0%           100%        4
 Agony                    Necr           0%           100%        5
 Blade Hands              Tmut           0%           100%        5
 Bolt of Magma            Conj/Fire/Erth 0%           100%        5
 Borgnjor's Vile Clutch   Necr/Erth      0%           100%        5
 Fireball                 Conj/Fire      0%           100%        5
 Irradiate                Conj/Tmut      0%           100%        5
 Lee's Rapid Deconstruct  Erth           0%           100%        5
 Lightning Bolt           Conj/Air       0%           100%        5
 Metabolic Englaciation   Hex/Ice        0%           100%        5
 Silence                  Hex/Air        0%           100%        5
 Summon Forest            Summ/Tloc      0%           100%        5
 Yara's Violent Unravell  Hex/Tmut       0%           100%        5
 Death Channel            Necr           0%           100%        6
 Freezing Cloud           Conj/Ice/Air   0%           100%        6
 Hydra Form               Tmut           0%           100%        6
 Iron Shot                Conj/Erth      0%           100%        6
 Ozocubu's Refrigeration  Ice            0%           100%        6
 Shadow Creatures         Summ           N/A          100%        6
 Simulacrum               Ice/Necr       0%           100%        6
 Statue Form              Tmut/Erth      0%           100%        6
 Dragon Form              Tmut           0%           100%        7
 Discord                  Hex            0%           100%        8
 Dragon's Call            Summ           0%           100%        9


Dungeon Overview and Level Annotations

Branches:
Dungeon (15/15)            Temple (1/1) D:6            Lair (6/6) D:9
  Swamp (4/4) Lair:2       Spider (4/4) Lair:3        Slime (0/5) Lair:6
    Orc (2/2) D:11            Elf (0/3) Orc:2        Vaults (5/5) D:13
  Crypt (0/3) Vaults:2     Depths (3/5) D:15        Ossuary (visited)
  IceCv (visited)         Gauntlet (visited)

Altars:
Ashenzari
Cheibriados
Dithmenos
Elyvilon
Fedhas
Gozag
Hepliaklqana
Kikubaaqudgha
Makhleb
Nemelex Xobeh
Okawaru
Qazlal
Ru
Sif Muna
Trog
Uskayaw
Vehumet
Wu Jian
Xom
Yredelemnul
Zin
The Shining One
Beogh
Jiyva

Shops:
D:8 :   Orc:2 (!(}?   Vaults:5 (   Depths:1 [[   Depths:2 [(*}   Depths:3 [

Portals:
Hell: Depths:1 Depths:2 Depths:3
Abyss: Depths:1
Pandemonium: Depths:2 Depths:3


Innate Abilities, Weirdness & Mutations

You reflexively headbutt those who attack you in melee.
You have a pair of horns on your head.
You are partially covered in yellow scales. (AC +2)
You are dopey. (Int -2)
Your magical capacity is low. (-10% MP)
You passively map a small area around you.
Your system is resistant to poisons. (rPois)


Message History

* * * LOW HITPOINT WARNING * * *
You are shoved backwards!
You turn to flesh and can move again.
Blink to where?
Press: ? - help, Dir - move target
As you read the scroll of blinking, it crumbles to dust.
The bone dragon is engulfed in blazing flames.
Flame seeps out of the bone dragon.
Found a thin glowing staff.
Unknown command.
Evoke which item? (* to show all) (? for menu, Esc to quit)
Aiming: Corrosive Bolt
Press: ? - help, Shift-Dir - straight line, f - vampire mage
Aim: a vampire mage, wearing a +0 robe (severely damaged, inner flame, slightly transparent, 26% to evade)
The bolt of acid hits the vampire mage!
The vampire mage is splashed with acid.
Flame seeps out of the vampire mage. x2
The vampire mage is almost destroyed.
The ancient lich casts a spell at you. The bolt of acid hits you!!!
You die...

▓▓▓▓▓▓▓▓▓▓▓
▓▓.........▓▓
▓▓...........▓▓
▓▓.............▓▓
▓▓:...)..○☼......▓▓
▓▓∩|}...)°L☼.......▓▓
▓|>}}@°.○°VD......∩.▓
▓▓∩|[..°°°.........▓▓
▓▓.....°.........▓▓
▓▓.............▓▓
▓▓...........▓▓
▓▓.........▓▓
▓▓▓▓▓▓▓▓▓▓▓


You could see a bone dragon (inner flame), an ancient lich (fast) and a vampire
mage (inner flame, invisible).

Vanquished Creatures
  A juggernaut (Zig:8)
  Mennas (Depths:2)
  Boris (Depths:3)
  Bai Suzhen (Swamp:3)
  A caustic shrike (Depths:2)
  Nikola (Swamp:2)
  4 golden dragons
  Jory (Depths:3)
  Jorgrun (Swamp:3)
  2 liches
  An Ice Fiend (Zig:9)
  6 tentacled monstrosities
  Asterion (Spider:2)
  4 titans
  3 ancient champions (Zig:10)
  6 sphinxes
  The ghost of Clumpoid the Blocker, an adept GnFi of Cheibriados (Swamp:4)
  A thorn hunter (Swamp:4)
  5 tengu reavers
  Kirke (Lair:5)
  Donald (Swamp:3)
  3 storm dragons
  7 shadow dragons
  Roxanne (D:15)
  9 frost giants
  3 daevas (Depths:2)
  A fenstrider witch (Swamp:4)
  5 fire giants
  4 iron dragons (Vaults:5)
  2 ghost moths (Spider:4)
  4 deep elf sorcerers
  3 angels (Depths:2)
  5 draconian knights
  17 vault wardens
  6 emperor scorpions (Spider:4)
  An orc warlord (Orc:1)
  A ghoul (Vaults:3)
  A balrug (Depths:1)
  Louise (Spider:4)
  A deep elf elementalist (Vaults:5)
  The ghost of rgaf the Fighter, a journeyman OgBe of Trog (Lair:1)
  13 very ugly things
  A curse skull (Zig:10)
  A reaper (Zig:10)
  13 ironheart preservers
  27 stone giants
  2 war gargoyles (Vaults:5)
  A spriggan defender (Depths:3)
  4 vampire knights
  2 red draconians (Zig:4)
  A black draconian (Zig:4)
  5 entropy weavers
  5 bunyips
  A minotaur (Gauntlet)
  2 green draconians (Swamp:3)
  A deep elf annihilator (Vaults:5)
  5 blizzard demons
  6 ettins
  A crystal guardian (Vaults:3)
  14 yaktaur captains
  A quicksilver dragon zombie (D:15)
  7 eleionomae
  4 fire dragons
  4 deep elf high priests
  An eidolon (Zig:10)
  6 rakshasas
  2 great orbs of eyes (Depths:3)
  5 boulder beetles
  14 ice dragons
  27 hydras
  A hell beast (Depths:3)
  3 catoblepae (Lair:6)
  14 centaur warriors
  2 ghost crabs
  32 vault guards
  Erolcha (Orc:2)
  3 death knights
  A spriggan air mage (Zig:5)
  A merfolk aquamancer (Zig:5)
  19 ogre magi
  6 alligators
  An anaconda (shapeshifter) (Zig:7)
  A dancing weapon (Lair:1)
  62 two-headed ogres
  8 deep troll shamans
  2 tengu warriors (D:13)
  4 deep troll earth magi
  A queen ant (Spider:1)
  6 death yaks (Lair:6)
  5 spriggan berserkers
  An orc high priest (Zig:8)
  3 sun demons
  12 spriggans
  6 deep elf knights
  4 shadow wraiths
  A soul eater (Zig:10)
  5 skeletal warriors
  7 hell knights
  A death drake (shapeshifter) (Vaults:5)
  9 goliath frogs
  4 iron trolls
  6 cherubim (Depths:2)
  A salamander mystic (Zig:2)
  A sixfirhy (Depths:3)
  A goliath frog (shapeshifter) (Vaults:5)
  17 deep trolls
  2 spriggan druids
  A gelid demonspawn (Depths:2)
  4 flayed ghosts
  14 swamp dragons
  A death drake (Gauntlet)
  8 bog bodies
  6 unseen horrors
  5 phantasmal warriors
  A naga ritualist (Zig:2)
  7 wizards
  A glowing orange brain (Vaults:2)
  17 ironbrand convokers
  5 necromancers
  An orange crystal statue (Zig:2)
  17 orc knights
  An obsidian statue (Zig:2)
  2 deep elf archers (Vaults:1)
  19 orb spiders
  33 ugly things
  5 harpies (Vaults:4)
  11 deep elf magi
  A mana viper (shapeshifter) (Zig:3)
  6 oklob plants
  11 orc sorcerers
  A tengu skeleton (D:15)
  31 wolf spiders
  A wolf spider zombie (Gauntlet)
  4 will-o-the-wisps
  A moth of wrath (shapeshifter) (Zig:1)
  10 moths of wrath
  A frost giant zombie (Vaults:4)
  4 manticores
  5 cyclopes
  3 large abominations (Depths:1)
  4 ice statues
  A black mamba (Zig:2)
  A naga mage (Zig:5)
  2 torpor snails
  2 smoke demons (Depths:1)
  A gargoyle (D:15)
  6 centaur skeletons
  12 cane toads
  Psyche (D:8)
  18 vault sentinels
  A hellion (Gauntlet)
  A spectral redback (Gauntlet)
  40 yaktaurs
  A kobold demonologist (D:12)
  10 freezing wraiths
  2 anaconda simulacra (IceCv)
  2 tengu conjurers (D:13)
  8 komodo dragons
  15 demonic crawlers
  9 ice devils
  6 rime drakes
  A redback zombie (Gauntlet)
  A yaktaur (shapeshifter) (Vaults:3)
  A tormentor (Depths:2)
  A hellwing (Depths:2)
  A guardian mummy (D:15)
  A spriggan skeleton (D:15)
  A queen bee (Spider:2)
  2 golden dragon simulacra (IceCv)
  12 tyrant leeches
  25 jumping spiders
  21 hornets
  3 meliai (Spider:2)
  A polar bear (Lair:6)
  A queen bee (shapeshifter) (Vaults:1)
  7 trolls
  A merfolk (shapeshifter) (Vaults:4)
  2 bloated husks
  An ice dragon zombie (D:15)
  18 slime creatures
  Prince Ribbit (D:5)
  4 blink frogs (Lair:1)
  A sphinx simulacrum (Vaults:2)
  A blink frog (shapeshifter) (Vaults:2)
  A raiju (shapeshifter) (Vaults:1)
  A dream sheep (shapeshifter) (Zig:6)
  7 dream sheep (Lair:6)
  A human simulacrum (Vaults:4)
  A centaur simulacrum (D:14)
  39 tarantellas
  A vampire (D:15)
  3 shadows
  3 flying skulls (Gauntlet)
  A tarantella (shapeshifter) (Vaults:3)
  2 wyverns
  A dire elephant simulacrum (IceCv)
  3 hogs (Lair:5)
  A wyvern (shapeshifter) (Vaults:3)
  A hog (shapeshifter) (Vaults:2)
  87 redbacks
  A yak (shapeshifter) (Depths:2)
  Eustachio (D:5)
  52 yaks
  8 wraiths
  8 chaos spawn
  3 basilisks
  13 vampire mosquitoes
  A yaktaur simulacrum (Vaults:1)
  Menkaure (D:5)
  2 neqoxecs
  An iron troll simulacrum (IceCv)
  2 harpy simulacra (IceCv)
  11 wargs
  6 soldier ants (Spider:1)
  A naga (shapeshifter) (Vaults:3)
  A swamp worm (shapeshifter) (Zig:6)
  A naga (Zig:2)
  7 water moccasins
  14 swamp worms
  2 floating eyes (shapeshifter) (Vaults:5)
  5 hydra simulacra (IceCv)
  Duvessa (D:7)
  7 ice beasts
  10 swamp drakes
  49 orc warriors
  A black bear (D:12)
  3 phantoms
  4 sky beasts
  3 eyes of draining
  2 ettin simulacra (IceCv)
  An ice dragon simulacrum (Vaults:1)
  A tengu (shapeshifter) (Depths:3)
  51 ogres
  An elf skeleton (Vaults:4)
  13 wolves
  A human skeleton (Vaults:1)
  26 centaurs
  3 big kobolds
  Blork the orc (D:4)
  4 small abominations (Depths:1)
  16 bullfrogs
  A wyvern zombie (D:13)
  A water moccasin zombie (D:7)
  4 scorpions
  Dowan (D:7)
  21 killer bees
  2 swamp dragon simulacra (IceCv)
  9 wights
  3 vampire bats (Lair:5)
  4 howler monkeys
  6 electric eels
  7 centaur zombies
  A bullfrog zombie (D:8)
  10 crimson imps
  3 draconian simulacra (IceCv)
  7 hounds
  2 quasits (Depths:3)
  16 jellies
  42 orc wizards
  2 bullfrog skeletons
  21 orc priests
  Crazy Yiuf (D:2)
  A gnoll shaman (D:4)
  2 iron imps (Depths:3)
  Ijyb (D:4)
  Jessica (D:2)
  5 iguanas
  26 worker ants
  2 spriggan simulacra (IceCv)
  5 troll simulacra (IceCv)
  2 wolf simulacra (IceCv)
  A hound zombie (D:7)
  Robin (D:2)
  6 gnolls
  12 adders
  2 naga simulacra (IceCv)
  2 ogre simulacra (IceCv)
  A shadow imp (D:6)
  14 white imps
  6 ufetubi
  15 oozes
  3 adder zombies (Ossuary)
  An adder skeleton (D:8)
  3 worms
  A dart slug (D:1)
  2 leopard geckos
  103 orcs
  7 bats
  7 giant cockroaches
  16 goblins
  13 hobgoblins
  4 jackals (D:1)
  3 quokkas
  2 ball python skeletons (Ossuary)
  4 frilled lizards
  A giant cockroach zombie (D:5)
  2 hobgoblin zombies (Ossuary)
  14 kobolds
  A kobold zombie (Ossuary)
  2 leopard gecko skeletons
  4 rats
  A bush (Lair:3)
1994 creatures vanquished.

Vanquished Creatures (collateral kills)
  A hydra (Lair:5)
  3 orcs (D:11)
4 creatures vanquished.

Vanquished Creatures (others)
  A frost giant (Depths:3)
  An ogre mage (Depths:2)
  A rakshasa (Vaults:1)
  A deep elf knight (Vaults:3)
  An unseen horror (Vaults:1)
  A wolf spider (Spider:1)
  A will-o-the-wisp (Swamp:3)
  2 ogres
  A worker ant (Spider:1)
  5 white imps (IceCv)
  5 ufetubi (IceCv)
  3 briar patches (Swamp:4)
  19 foxfires
  23 fungi
  129 plants
  29 withered plants
223 creatures vanquished.

Grand Total: 2221 creatures vanquished

Notes
Turn   | Place    | Note
-------+----------+-------------------------------------------
     0 | D:1      | mhtbhm the Minotaur Fighter began the quest for the Orb.
     0 | D:1      | Reached XP level 1. HP: 19/19 MP: 0/0
   118 | D:1      | Reached XP level 2. HP: 18/27 MP: 1/1
  1109 | D:2      | Found a runed translucent door.
  1110 | D:2      | Noticed Crazy Yiuf
  1117 | D:2      | Killed Crazy Yiuf
  1118 | D:2      | Reached XP level 3. HP: 20/33 MP: 2/2
  1284 | D:2      | Noticed Robin
  1303 | D:2      | Killed Robin
  1304 | D:2      | Reached XP level 4. HP: 33/41 MP: 3/3
  2003 | D:2      | Noticed Jessica
  2007 | D:2      | Killed Jessica
  2008 | D:2      | Reached skill level 1 in Dodging
  2075 | D:2      | Reached XP level 5. HP: 47/47 MP: 4/4
  2281 | D:3      | Found a broken altar of Ashenzari.
  3149 | D:4      | Reached skill level 5 in Axes
  3150 | D:4      | Reached XP level 6. HP: 14/55 MP: 5/5
  3326 | D:4      | Noticed Ijyb
  3335 | D:4      | Killed Ijyb
  3336 | D:4      | Reached skill level 5 in Fighting
  3336 | D:4      | Reached skill level 5 in Armour
  3336 | D:4      | Reached skill level 5 in Shields
  3675 | D:4      | Noticed Blork the orc
  3683 | D:4      | Killed Blork the orc
  3684 | D:4      | Reached XP level 7. HP: 51/61 MP: 6/6
  3716 | D:4      | Found an opulent altar of Gozag.
  3717 | D:4      | Found a sparkling altar of Nemelex Xobeh.
  3918 | D:5      | Entered Level 5 of the Dungeon
  4010 | D:5      | Noticed Menkaure
  4018 | D:5      | Killed Menkaure
  4190 | D:5      | Noticed Eustachio
  4213 | D:5      | Killed Eustachio
  4214 | D:5      | Reached XP level 8. HP: 67/70 MP: 7/7
  4260 | D:5      | Noticed Prince Ribbit
  4273 | D:5      | Killed Prince Ribbit
  4890 | D:6      | Found a staircase to the Ecumenical Temple.
  4953 | Temple   | Entered the Ecumenical Temple
  5080 | Temple   | Became a worshipper of Elyvilon the Healer
  5270 | D:6      | Found a basalt altar of Yredelemnul.
  5270 | D:6      | Found an iron altar of Okawaru.
  5378 | D:6      | Fell from the grace of Elyvilon
  5378 | D:6      | Became a worshipper of Warmaster Okawaru
  5419 | D:6      | Found a hazy altar of Hepliaklqana.
  5642 | D:6      | Noticed a slime creature
  5665 | D:6      | Killed a slime creature
  5665 | D:6      | Reached * piety under Okawaru
  5666 | D:6      | Reached XP level 9. HP: 77/78 MP: 8/8
  5963 | D:7      | Reached skill level 10 in Axes
  5982 | D:7      | Found a sand-covered staircase.
  5982 | D:7      | Noticed Duvessa
  5982 | D:7      | Noticed Dowan
  5988 | D:7      | Killed Dowan
  5991 | D:7      | Killed Duvessa
  6001 | Ossuary  | Entered an ossuary
  6230 | Ossuary  | Reached ** piety under Okawaru
  6587 | D:7      | Found a glowing silver altar of Zin.
  6658 | D:7      | Found a shadowy altar of Dithmenos.
  6659 | D:7      | Found a burning altar of Makhleb.
  6738 | D:8      | Found a blossoming altar of Fedhas.
  6906 | D:8      | Reached skill level 5 in Dodging
  6910 | D:8      | Noticed Psyche
  6923 | D:8      | Killed Psyche
  6924 | D:8      | Reached XP level 10. HP: 47/86 MP: 4/9
  7188 | D:8      | Found a bloodstained altar of Trog.
  7209 | D:8      | Reached *** piety under Okawaru
  7334 | D:8      | Found Ykuohe's Book Boutique.
  7342 | D:8      | Found a stormy altar of Qazlal.
  7509 | D:9      | Found a staircase to the Lair.
  8755 | D:10     | Entered Level 10 of the Dungeon
  8797 | D:10     | Reached **** piety under Okawaru
  9366 | D:11     | Noticed a cyclops
  9377 | D:11     | Killed a cyclops
  9441 | D:11     | Reached XP level 11. HP: 87/97 MP: 10/10
  9586 | D:11     | Reached ***** piety under Okawaru
  9922 | D:11     | Found a staircase to the Orcish Mines.
  9956 | Orc:1    | Entered Level 1 of the Orcish Mines
  9961 | Orc:1    | Reached skill level 10 in Shields
 10021 | Orc:1    | Noticed an orc sorcerer
 10026 | Orc:1    | Killed an orc sorcerer
 10026 | Orc:1    | Received a gift from Okawaru
 10032 | Orc:1    | Got a bone war axe {god gift}
 10033 | Orc:1    | Identified the +7 war axe "Omyosif" {holy, *Noise rF++}
                  | (Okawaru gifted it to you on level 1 of the Orcish Mines)
 10064 | Orc:1    | Reached skill level 1 in Evocations
 10077 | Orc:1    | Noticed an orc knight
 10856 | D:11     | Killed an orc knight
 11826 | Orc:2    | Entered Level 2 of the Orcish Mines
 11832 | Orc:2    | Found Qekunah's Antique Weapon Shop.
 11844 | Orc:2    | Bought a transparent hand axe for 192 gold pieces
 11844 | Orc:2    | Identified the cursed +1 hand axe "Minotaur's Curse"
                  | {vorpal, *Noise rElec Int+9 Dex+2} (You bought it in a shop
                  | on level 2 of the Orcish Mines)
 11937 | Orc:2    | Found a staircase to the Elven Halls.
 11969 | Orc:2    | Noticed an orc warlord
 11969 | Orc:2    | Noticed an orc sorcerer
 12071 | Orc:1    | Killed an orc sorcerer
 12072 | Orc:1    | Reached skill level 10 in Fighting
 12082 | Orc:1    | Killed an orc warlord
 12361 | Orc:2    | Received a gift from Okawaru
 12574 | Orc:2    | Noticed a stone giant
 12587 | Orc:2    | Killed a stone giant
 12588 | Orc:2    | Reached XP level 12. HP: 93/107 MP: 11/11
 12824 | Orc:2    | Found Onuecry's Gadget Shoppe.
 12827 | Orc:2    | Paralysed by an orc sorcerer for 5 turns
 12861 | Orc:2    | Found Ysirrostoo's Magic Scroll Emporium.
 12882 | Orc:2    | Bought a scroll of teleportation for 30 gold pieces
 12882 | Orc:2    | Bought a scroll of magic mapping for 35 gold pieces
 12882 | Orc:2    | Bought a scroll of identify for 20 gold pieces
 12883 | Orc:2    | Bought a scroll of identify for 20 gold pieces
 12883 | Orc:2    | Bought a scroll of identify for 20 gold pieces
 12883 | Orc:2    | Bought a scroll of enchant armour for 75 gold pieces
 12901 | Orc:2    | Found a radiant altar of Vehumet.
 12902 | Orc:2    | Noticed Erolcha
 12911 | Orc:2    | Reached skill level 15 in Axes
 12914 | Orc:2    | Killed Erolcha
 12934 | Orc:2    | Noticed an ogre mage
 12948 | Orc:2    | Killed an ogre mage
 12994 | Orc:2    | Found an ancient bone altar of Kikubaaqudgha.
 13059 | Orc:2    | Noticed an ogre mage
 13070 | Orc:2    | Killed an ogre mage
 13077 | Orc:2    | Found a roughly hewn altar of Beogh.
 13077 | Orc:2    | Found Byackime's Distillery.
 13091 | Orc:2    | Found Coxtest's Antique Weapon Emporium.
 13125 | Orc:2    | Bought a potion of curing for 51 gold pieces
 13125 | Orc:2    | Bought a potion of berserk rage for 85 gold pieces
 13947 | D:12     | Reached ****** piety under Okawaru
 14040 | D:12     | Found a gate leading to a gauntlet.
 14065 | Gauntlet | Entered a Gauntlet
 14065 | Gauntlet | Found a transporter.
 14067 | Gauntlet | Found a transporter.
 14070 | Gauntlet | Found a transporter.
 14072 | Gauntlet | Found a transporter.
 14073 | Gauntlet | Found a transporter.
 14119 | Gauntlet | Found a transporter.
 14121 | Gauntlet | Found a transporter.
 14121 | Gauntlet | Found a transporter.
 14135 | Gauntlet | Found a transporter.
 14253 | Gauntlet | Found a transporter.
 14253 | Gauntlet | Noticed a tengu warrior
 14257 | Gauntlet | Identified the amulet of Hospitality {Faith rC- Will++
                  | Int-3 Slay+3}
 14386 | Gauntlet | Got a pair of heavily runed gloves
 14397 | Gauntlet | Identified the +0 pair of gloves of the Albatross {rF- rN++
                  | Dex+7} (You found it in a Gauntlet)
 14564 | Gauntlet | Found a transporter.
 14597 | Gauntlet | Got a pair of encrusted boots
 14603 | Gauntlet | Identified the +1 pair of boots of Urisiha {rF+ rN+ Stlth+}
                  | (You found it in a Gauntlet)
 14618 | Gauntlet | Found a transporter.
 14811 | Gauntlet | Noticed a minotaur
 14826 | Gauntlet | Killed a minotaur
 14827 | Gauntlet | Reached XP level 13. HP: 51/116 MP: 12/12
 15329 | D:12     | Received a gift from Okawaru
 15681 | D:13     | Received a gift from Okawaru
 15922 | D:13     | Reached skill level 10 in Armour
 15960 | D:13     | Noticed an ironheart preserver
 15973 | D:13     | Killed an ironheart preserver
 16323 | D:13     | Received a gift from Okawaru
 16419 | D:13     | Found a gate to the Vaults.
 17170 | Lair:1   | Entered Level 1 of the Lair of Beasts
 17223 | Lair:1   | Reached XP level 14. HP: 114/127 MP: 13/13
 17277 | Lair:1   | Found a runed translucent door.
 17278 | Lair:1   | Found a shimmering altar of Xom.
 17278 | Lair:1   | Noticed rgaf's ghost (journeyman OgBe)
 17320 | Lair:1   | Killed rgaf's ghost
 17410 | Lair:1   | Received a gift from Okawaru
 17419 | Lair:1   | Got a heavily runed ring mail {god gift}
 17425 | Lair:1   | Identified the +3 ring mail "Dyluhoopt" {Rampage rC- Str+8
                  | Stlth+} (Okawaru gifted it to you on level 1 of the Lair of
                  | Beasts)
 18808 | Lair:2   | Found a staircase to the Swamp.
 18878 | Lair:2   | Reached skill level 15 in Shields
 19687 | Lair:3   | Found a hole to the Spider Nest.
 20572 | Lair:4   | HP: 5/129 [/exploding inner flame (9)]
 21248 | Lair:5   | Noticed Kirke
 21260 | Lair:5   | Killed Kirke
 21838 | Lair:5   | Received a gift from Okawaru
 21963 | Lair:5   | Got a pair of heavily runed boots {god gift}
 21974 | Lair:5   | Identified the +1 pair of boots "Ydavuete" {*Slow rPois rN+
                  | Dex+2} (Okawaru gifted it to you on level 5 of the Lair of
                  | Beasts)
 22840 | Lair:6   | Entered Level 6 of the Lair of Beasts
 22856 | Lair:6   | Found a viscous altar of Jiyva.
 22877 | Lair:6   | Found a staircase to the Slime Pits.
 23338 | Lair:6   | Reached XP level 15. HP: 137/137 MP: 14/14
 24627 | Spider:1 | Entered Level 1 of the Spider Nest
 24659 | Spider:1 | Received a gift from Okawaru
 25518 | Lair:3   | Upgraded the game from 0.26-a0-1147-g3780a7a11b to
                  | 0.26-a0-1164-g1a551d6a14
 26167 | Spider:2 | Noticed Asterion
 26186 | Spider:2 | Killed Asterion
 26260 | Spider:2 | Reached skill level 1 in Invocations
 26391 | Spider:2 | Received a gift from Okawaru
 26406 | Spider:2 | Got a pair of ichor-stained boots {god gift}
 26424 | Spider:2 | Identified the +0 pair of boots of Fowimo {+Inv} (Okawaru
                  | gifted it to you on level 2 of the Spider Nest)
 27069 | Spider:3 | Reached XP level 16. HP: 145/147 MP: 16/16
 27071 | Spider:3 | Reached skill level 15 in Fighting
 28271 | Spider:4 | Entered Level 4 of the Spider Nest
 28569 | Spider:4 | Received a gift from Okawaru
 28616 | Spider:4 | Noticed Louise
 28958 | Spider:4 | Killed Louise
 29515 | Spider:4 | Received a gift from Okawaru
 30093 | Spider:4 | Received a gift from Okawaru
 30869 | Spider:4 | Received a gift from Okawaru
 31070 | Spider:4 | Got a gossamer rune of Zot
 31819 | Swamp:1  | Entered Level 1 of the Swamp
 31855 | Swamp:1  | Reached XP level 17. HP: 100/158 MP: 15/17
 32624 | Swamp:2  | Noticed Nikola
 32642 | Swamp:2  | Killed Nikola
 32920 | Swamp:2  | Found a frozen archway.
 33019 | IceCv    | Entered an ice cave
 33743 | IceCv    | Received a gift from Okawaru
 35412 | Swamp:2  | Got a brightly glowing whip
 35413 | Swamp:2  | Identified the +6 whip "Demonslayer" {speed, rElec Int+4
                  | SInv} (You found it on level 2 of the Swamp)
 35425 | Swamp:3  | Noticed Jorgrun
 35442 | Swamp:3  | Killed Jorgrun
 35472 | Swamp:3  | Reached skill level 1 in Maces & Flails
 35795 | Swamp:4  | Entered Level 4 of the Swamp
 36052 | Swamp:3  | Noticed Donald
 36065 | Swamp:3  | Killed Donald
 37016 | Swamp:3  | Noticed Bai Suzhen
 37033 | Swamp:3  | Killed Bai Suzhen
 37407 | Swamp:4  | Found a transporter.
 37413 | Swamp:4  | Noticed Clumpoid's ghost (adept GnFi)
 37420 | Swamp:4  | Found a transporter.
 37435 | Swamp:4  | Reached XP level 18. HP: 116/169 MP: 16/20
 37464 | Swamp:4  | Killed Clumpoid's ghost
 37465 | Swamp:4  | Reached skill level 5 in Invocations
 38085 | Swamp:4  | Received a gift from Okawaru
 38184 | Swamp:4  | Received a gift from Okawaru
 38629 | Swamp:4  | Reached skill level 15 in Armour
 39004 | Swamp:4  | Got a decaying rune of Zot
 41011 | Vaults:1 | Entered Level 1 of the Vaults
 42242 | Vaults:1 | Received a gift from Okawaru
 43399 | Vaults:2 | Reached XP level 19. HP: 175/182 MP: 25/25
 43643 | Vaults:2 | Reached skill level 10 in Invocations
 44160 | Vaults:2 | Received a gift from Okawaru
 44183 | Vaults:2 | Got a heavily runed scale mail {god gift}
 44189 | Vaults:2 | Identified the +1 scale mail "Leto Soi" {rCorr Str+6 Int-3}
                  | (Okawaru gifted it to you on level 2 of the Vaults)
 44457 | Vaults:2 | Found a staircase to the Crypt.
 44457 | Vaults:2 | Found an ancient bone altar of Kikubaaqudgha.
 44458 | Vaults:2 | Found a basalt altar of Yredelemnul.
 45418 | Vaults:3 | Received a gift from Okawaru
 45798 | Vaults:3 | Reached XP level 20. HP: 198/198 MP: 28/28
 46122 | Vaults:3 | You fall into a shaft and drop 1 floor!
 46680 | Vaults:4 | Identified the Papyrus of Cold and Feathers
 46838 | Vaults:4 | Received a gift from Okawaru
 47274 | Vaults:5 | Entered Level 5 of the Vaults
 47406 | Vaults:5 | Received a gift from Okawaru
 47453 | Vaults:5 | Received a gift from Okawaru
 47454 | Vaults:5 | Reached XP level 21. HP: 211/211 MP: 27/30
 47472 | Vaults:5 | Noticed a golden dragon
 47480 | Vaults:5 | Killed a golden dragon
 47547 | Vaults:5 | Noticed a golden dragon
 47562 | Vaults:5 | Killed a golden dragon
 47573 | Vaults:5 | Received a gift from Okawaru
 47628 | Vaults:5 | Identified the cursed +0 broad axe of Okawaru's Scorn
                  | {vorpal, rF+ rC- Str+4}
 47724 | Vaults:5 | Noticed a golden dragon
 47743 | Vaults:5 | Killed a golden dragon
 47751 | Vaults:5 | Got a crude hat {god gift}
 48123 | Vaults:5 | Identified the -1 hat "Yruit" {rN+ MP+9 Str+3} (Okawaru
                  | gifted it to you on level 5 of the Vaults)
 48248 | Vaults:5 | Reached skill level 15 in Invocations
 48500 | Vaults:5 | Identified the amulet of Rarhanli {rElec Regen+}
 48567 | Vaults:5 | Found Biapsu's Weapon Shop.
 48834 | Vaults:5 | Received a gift from Okawaru
 49024 | Vaults:5 | Identified the amulet of Xushrid {Reflect rF- Int+3 Dex+2
                  | SH+5} (You found it on level 5 of the Vaults)
 49076 | Vaults:5 | Got a silver rune of Zot
 49100 | Vaults:5 | Got a spiked plate armour
 49106 | Vaults:5 | Identified the cursed +0 plate armour of Ruacw {Will+} (You
                  | found it on level 5 of the Vaults)
 49685 | D:14     | Reached XP level 22. HP: 226/226 MP: 20/32
 50029 | D:14     | Found a radiant altar of Vehumet.
 50279 | D:15     | Entered Level 15 of the Dungeon
 50631 | D:15     | Found a staircase to the Depths.
 50948 | D:15     | Identified Roxanne's Disquisition on Transformation
 50948 | D:15     | Noticed Roxanne
 50952 | D:15     | Identified a scroll of acquirement
 50968 | D:15     | Killed Roxanne
 51239 | D:15     | Acquired a manual of Shields
 51269 | Depths:1 | Entered Level 1 of the Depths
 51278 | Depths:1 | Found Zutam's Armour Shoppe.
 51278 | Depths:1 | Found Picixt's Armour Emporium.
 51320 | Depths:1 | Bought the +3 crown of Dyrovepreva {rElec Int+2 SInv} for
                  | 828 gold pieces
 51320 | Depths:1 | Found the +3 crown of Dyrovepreva {rElec Int+2 SInv}
 51593 | Depths:1 | Identified the Volume of the Rocks
 51631 | Depths:1 | Got a faintly humming chain mail
 51637 | Depths:1 | Identified the +4 chain mail of the Elven Halls {Regen+}
                  | (You found it on level 1 of the Depths)
 51852 | Depths:1 | Found a gateway to Hell.
 51958 | Depths:1 | Found a one-way gate to the infinite horrors of the Abyss.
 52232 | Depths:1 | Received a gift from Okawaru
 52235 | Depths:1 | Got a translucent hat {god gift}
 52246 | Depths:1 | Identified the +0 hat of Hamocege {Rampage Str+3 Int+4}
                  | (Okawaru gifted it to you on level 1 of the Depths)
 52614 | Depths:2 | Found Fyrobbuj's Assorted Antiques.
 52620 | Depths:2 | Bought a scroll of blinking for 337 gold pieces
 52653 | Depths:2 | Found Fuuvuaps's Gadget Emporium.
 52703 | Depths:2 | Found Uxkihunn's Antique Armour Emporium.
 52948 | Depths:2 | Found a one-way gate leading to the halls of Pandemonium.
 52948 | Depths:2 | Gained mutation: Your magical capacity is low. (-10% MP) [a
                  | neqoxec]
 52962 | Depths:2 | Gained mutation: You are clumsy. (Dex -2) [a neqoxec]
 52974 | Depths:2 | Gained mutation: Your magical capacity is very low. (-20%
                  | MP) [a neqoxec]
 53300 | Depths:2 | Found Foluf's Weapon Boutique.
 53375 | Depths:2 | Noticed Mennas
 53376 | Depths:2 | Found a glowing silver altar of Zin.
 53511 | Depths:2 | Killed Mennas
 53512 | Depths:2 | Reached XP level 23. HP: 169/234 MP: 21/26
 53535 | Depths:2 | Received a gift from Okawaru
 53972 | Depths:3 | Noticed Boris
 54040 | Depths:3 | Noticed a caustic shrike
 54042 | Depths:3 | Killed Boris
 54061 | Depths:2 | Killed a caustic shrike
 54152 | Depths:3 | Received a gift from Okawaru
 54223 | Depths:3 | Got a brightly glowing hat {god gift}
 54234 | Depths:3 | Identified the +0 hat "Ejivvuis" {Int+2} (Okawaru gifted it
                  | to you on level 3 of the Depths)
 54326 | Depths:3 | Noticed Jory
 54352 | Depths:3 | Killed Jory
 54822 | Depths:3 | Identified Hoexoz's Collected Works on the Frostbite and
                  | the Traveller
 54972 | Depths:3 | Found Gugimn's Antique Armour Shop.
 55033 | Depths:3 | Gained mutation: You passively map a small area around you.
                  | [a neqoxec]
 55060 | Depths:3 | Lost mutation: You are clumsy. (Dex -2) [potion of
                  | mutation]
 55060 | Depths:3 | Lost mutation: Your magical capacity is very low. (-20% MP)
                  | [potion of mutation]
 55060 | Depths:3 | Gained mutation: You are dopey. (Int -2) [potion of
                  | mutation]
 55060 | Depths:3 | Gained mutation: Your system is resistant to poisons.
                  | (rPois) [potion of mutation]
 55060 | Depths:3 | Gained mutation: You are partially covered in yellow
                  | scales. (AC +2) [potion of mutation]
 55147 | Depths:3 | Found a gateway to a ziggurat.
 55170 | Zig:1    | Entered Level 1 of a ziggurat
 55194 | Zig:2    | Entered Level 2 of a ziggurat
 55473 | Zig:3    | Entered Level 3 of a ziggurat
 55513 | Zig:4    | Entered Level 4 of a ziggurat
 55553 | Zig:4    | Got a bound iron ring
 55554 | Zig:4    | Identified the ring of Kuacaes {rF- Str+4 Dex+3 SInv
                  | Stlth-} (You found it on level 4 of a ziggurat)
 55683 | Zig:5    | Entered Level 5 of a ziggurat
 55784 | Zig:6    | Entered Level 6 of a ziggurat
 55965 | Zig:7    | Entered Level 7 of a ziggurat
 55971 | Zig:7    | Found the ring of Phasing {EV+8}
 56065 | Zig:7    | Identified the ring of Qacw {+Blink rN+ EV+4 Dex-2} (You
                  | found it on level 7 of a ziggurat)
 56228 | Zig:8    | Entered Level 8 of a ziggurat
 56233 | Zig:8    | Noticed a juggernaut
 56256 | Zig:8    | Reached skill level 10 in Dodging
 56256 | Zig:8    | Killed a juggernaut
 56256 | Zig:8    | Received a gift from Okawaru
 56259 | Zig:8    | Reached XP level 24. HP: 240/243 MP: 29/29
 56293 | Zig:8    | Identified Mugohot's Reference Book on Changing and
                  | Envenoming
 56300 | Zig:8    | Identified the ring of the Invisible Hand {+Fly rElec
                  | rPois} (You found it on level 8 of a ziggurat)
 56319 | Zig:9    | Entered Level 9 of a ziggurat
 56432 | Zig:10   | Entered Level 10 of a ziggurat
 56437 | Zig:10   | Noticed an ancient lich
 56463 | Zig:10   | Killed from afar by an ancient lich

Illustrated notes

Levels and vault maps discovered:
D:1:      psy_arrival_dodecagon, layout_basic, serial_bayou_lake_a
D:2:      layout_basic, uniq_robin, uniq_jessica, uniq_crazy_yiuf_cottage
D:3:      layout_basic, ashenzari_altar_1
D:4:      layout_basic, grunt_temple_overflow_opulence, uniq_ijyb,
          uniq_blork_the_orc
D:5:      layout_loops_cross, minmay_misc_feat_doors, minmay_manual_mail,
          uniq_eustachio, uniq_prince_ribbit1, uniq_menkaure
D:6:      lemuel_slime, layout_gridville, amethyst_overflow_temple_binary,
          temple_hall, basic_altar
D:7:      layout_rooms, general_overflow_altar, minitemple, enter_ossuary_2,
          uniq_duvessa
D:8:      layout_loops_ring, overflow_temple_1_default, lemuel_round_altar,
          fedhas_altar_1, serial_shops,
          nicolae_shop_temple_entry_statues_fountains, amethyst_killhole,
          uniq_psyche
D:9:      layout_basic, dpeg_oklobed_lair, serial_bayou, serial_bayou_pond_e,
          serial_bayou_ford_a, serial_bayou_lagoon_a, serial_bayou_pond_b
D:10:     layout_basic, mrwooster_statue_mirror
D:11:     layout_rooms, david_orc_4
D:12:     layout_roguey, gauntlet_entry_generic, drop_trap,
          hangedman_abyss_or_decor_jellyfish_corner
D:13:     layout_roguey, skrybe_vaults_entry_preservation, blue_anna_alchemist
          [blue_anna_fruit_fields, blue_anna_fruit_fields]
D:14:     layout_small_grid, basic_altar
D:15:     gammafunk_depths_entry_grave, layout_loops_corners,
          minmay_misc_feat_iff, uniq_roxanne
Temple:   jpeg_temple_clearing
Lair:1:   layout_cave_pods, ebering_ghost_xom
Lair:2:   layout_hall_layers, swamp_mist, columned_hall_lemuel,
          serial_bayou_pond_b
Lair:3:   layout_cave_shapes, nicolae_spider_entry_non_spiders
Lair:4:   layout_long_grid, minmay_lair_oklob_chamber,
          infiniplex_staircase_pool_2
Lair:5:   dpeg_oklob_gauntlet, layout_regular_city,
          chequers_serial_rivers_large_a, roderic_batcave, lemuel_fruit_tree,
          uniq_kirke
Lair:6:   evilmike_catoblepas_cave, layout_small_grid, slime_altar_1
Swamp:1:  layout_falls_marsh, hangedman_swamp_blocks
Swamp:2:  layout_falls_marsh, portal_ice_cave_entry_ice_statue_one,
          hangedman_swamp_ruin_hall, uniq_nikola
Swamp:3:  layout_basic_swamp, evilmike_swamp_ruin_house_3, swamp_pool2,
          hangedman_swamp_dais, infiniplex_staircase_pool, uniq_jorgrun,
          uniq_bai_suzhen, uniq_donald
Swamp:4:  swamp_basic_johnstein, layout_basic_swamp,
          gammafunk_ghost_berserking_beasts
Spider:1: layout_spider_delve, minmay_another_anthill
Spider:2: layout_spider_delve, special_room [special_room_bee], uniq_asterion
Spider:3: layout_chambers, nicolae_spider_cling_halls
Spider:4: grunt_spider_rune_circles, spiders_nest_ghost_moth_duel, uniq_louise
Orc:1:    cheibrodos_orc_guarddog, layout_caves
Orc:2:    kennysheep_orc_mage_school, layout_diamond_mine, serial_shops,
          nicolae_shop_stone, minmay_orc_keep
Vaults:1: vaults_mumra_chevron, vaults_dpeg_ring,
          nicolae_vaults_little_squares_3, v_misc_26,
          ontoclasm_vaults_misaligned, v_misc_3, layout_vaults_quadrants
Vaults:2: ontoclasm_vaults_ring_large, v_misc_8, v_misc_11,
          minmay_crypt_entry_necro_gods, nicolae_vaults_twisting_passages,
          nicolae_vaults_network_quinsquares
          [nicolae_vaults_network_quincunx_subvault,
          nicolae_vaults_network_quincunx_subvault,
          nicolae_vaults_network_quincunx_subvault,
          nicolae_vaults_network_quincunx_subvault], nicolae_vaults_alarming,
          ontoclasm_vaults_chip, vaults_mumra_minichess_inversion,
          nicolae_vaults_little_squares_4, layout_vaults_big_cross
Vaults:3: v_pattern_1, nicolae_vaults_an_arrangement, vaults_standard_mumra_x,
          v_misc_33, v_misc_30, dpeg_vaults_monster_row, v_rooms_6,
          vaults_room_semicircle, vaults_room_semicircle,
          nicolae_vaults_little_squares_5, vaults_room_ringed_pool,
          layout_vaults_omnibox
Vaults:4: vaults_room_large_hall, nicolae_vaults_sealed_display,
          grunt_vaults_diagonal, v_misc_1, v_misc_18,
          nicolae_vaults_network_star, hangedman_vaults_stretched_pinwheel,
          layout_vaults_big_room
Vaults:5: serial_shops
Depths:1: layout_gridville, minmay_room_of_horrors, minmay_misc_feat_nine_boxes,
          hell_entry, minmay_fire_ice_demons, minmay_shoptagon
Depths:2: evilmike_silver_temple, layout_gridville, serial_shops, shop, shop,
          shop, nicolae_shop_behind_doors, chequers_serial_rivers_large_b,
          rand_demon_pan_entry_5, hell_entry, st_stairs_2
Depths:3: minmay_the_grid_square_5x5_4x4_mashed
          [minmay_the_grid_square_5x5_longway,
          minmay_the_grid_square_5x5_spiral_small,
          minmay_the_grid_square_5x5_two_walls_a,
          minmay_the_grid_square_5x5_fat_x,
          minmay_the_grid_square_5x5_three_walls,
          minmay_the_grid_square_5x5_prize_monsterx,
          minmay_the_grid_square_5x5_prize_pseudospiral,
          minmay_the_grid_square_5x5_six, minmay_the_grid_square_5x5_slash,
          minmay_the_grid_square_5x5_prize_deathbox,
          minmay_the_grid_square_5x5_prize_snowflake,
          minmay_the_grid_square_5x5_hollow_slash,
          minmay_the_grid_square_5x5_mess,
          minmay_the_grid_square_5x5_pentomino_r,
          minmay_the_grid_square_5x5_minibox, minmay_the_grid_square_5x5_n],
          layout_cross, enter_ziggurat_a, minmay_tree_intersection,
          serial_shops, nicolae_shop_behind_doors, grunt_pan_entry_sceptre,
          hell_entry, infiniplex_staircase_star, uniq_boris, uniq_jory
Zig:10

Skill      XL: |  1  2  3  4  5  6  7  8  9 10 11 12 13 14 15 16 17 18 19 20 21 22 23 24 |
---------------+-------------------------------------------------------------------------+-----
Fighting       | 4 5 6 7 9 10 11 12 13 14 16 17 19 21 23 25 | 25.5
Armour         | 4 5 6 7 8 9 10 11 12 13 14 15 16 17 18 | 18.6
Shields        | 4 5 6 8 9 11 12 14 16 17 19 20 24 25 | 25.7
Axes           | 3 4 5 7 9 11 13 14 16 17 18 19 20 21 22 23 | 23.2
Dodging        | 1 2 3 4 5 6 7 8 9 10 | 10.6
Evocations     | 1 2 3 4 |  4.1
Invocations    | 1 4 9 12 14 15 | 15.1
Maces & Flails | 3 |  3.9
Throwing       | |  0.8
Stealth        | |  0.5

Action                   |  1- 3 |  4- 6 |  7- 9 | 10-12 | 13-15 | 16-18 | 19-21 | 22-24 || total
-------------------------+-------+-------+-------+-------+-------+-------+-------+-------++-------
Melee: War axe           |    81 |    48 |   298 |   647 |  1021 |   720 |       |    10 ||  2825
       Headbutt          |     8 |    16 |    45 |   130 |   325 |   496 |   414 |   373 ||  1807
       Hand axe          |       |    84 |     4 |       |       |       |       |       ||    88
       Broad axe         |       |       |       |       |       |   706 |  1079 |  1075 ||  2860
       Whip              |       |       |       |       |       |   135 |       |       ||   135
Throw: Throwing net      |       |       |       |     1 |       |       |       |       ||     1
       Dart              |       |       |       |       |     1 |       |       |       ||     1
Invok: Heroism           |       |       |       |       |     2 |     7 |     1 |     4 ||    14
       Finesse           |       |       |       |       |     1 |     1 |     1 |     1 ||     4
 Abil: Evoke Flight      |       |       |       |     1 |       |     5 |       |       ||     6
       Evoke Blink       |       |       |       |       |       |       |       |     2 ||     2
Evoke: Wand              |       |       |       |    21 |    33 |    26 |     1 |     4 ||    85
       Phantom mirror    |       |       |       |       |     1 |       |       |       ||     1
       Tin of tremorston |       |       |       |       |       |     5 |       |     1 ||     6
       Condenser vane    |       |       |       |       |       |       |       |     1 ||     1
  Use: Scroll            |       |     5 |     6 |    19 |    16 |    13 |     8 |    20 ||    87
       Potion            |       |     2 |     1 |     8 |     8 |     9 |     2 |     5 ||    35
 Stab: Sleeping          |       |       |     1 |       |       |       |       |       ||     1
       Paralysed         |       |       |       |     1 |    11 |     1 |       |       ||    13
       Held in net/web   |       |       |       |       |       |     2 |       |       ||     2
       Distracted        |       |       |       |       |       |     1 |     2 |       ||     3
       Confused          |       |       |       |       |       |     3 |       |       ||     3
Armor: Scale mail        |    34 |    15 |       |       |       |       |       |    18 ||    67
       Ring mail         |       |    39 |    41 |       |       |       |       |       ||    80
       Leather armour    |       |       |    13 |    46 |       |       |       |       ||    59
       Chain mail        |       |       |       |     7 |       |       |       |       ||     7
       Plate armour      |       |       |       |    70 |   361 |   603 |   236 |   259 ||  1529
       Gold dragon scale |       |       |       |       |       |       |       |    70 ||    70
Dodge: Dodged            |    22 |    36 |    89 |   154 |   384 |   611 |   305 |   483 ||  2084
Block: Kite shield       |    32 |    66 |   144 |   359 |  1075 |  1666 |   916 |  1096 ||  5354
       Reflection        |       |       |       |    36 |    13 |    48 |    91 |    19 ||   207

Table legend: (Time is in decaauts)
 A = Elapsed time spent in this place.
 B = Non-inter-level travel time spent in this place.
 C = Inter-level travel time spent in this place.
 D = Time resting spent in this place.
 E = Time spent auto-exploring this place.
 F = Levels seen in this place.
 G = Mean time per level.
                   A        B        C        D        E       F      G
               +--------+--------+--------+--------+--------+-----+--------+
         Total |  55480 |  53297 |   2183 |  12262 |  25671 |  53 | 1046.8 |
       Dungeon |  16071 |  15008 |   1063 |   1978 |   8934 |  15 | 1071.4 |
        Temple |    138 |    138 |      0 |      0 |     78 |   1 |  138.0 |
          Lair |   8458 |   8265 |    193 |   2348 |   4113 |   6 | 1409.7 |
         Swamp |   5745 |   5576 |    169 |   1964 |   2239 |   4 | 1436.2 |
   Spider Nest |   6058 |   5901 |    157 |   1931 |   2402 |   4 | 1514.5 |
  Orcish Mines |   2590 |   2547 |     43 |    564 |   1116 |   2 | 1295.0 |
        Vaults |   8199 |   7691 |    508 |    920 |   4437 |   5 | 1639.8 |
        Depths |   3689 |   3639 |     50 |    704 |   1593 |   3 | 1229.7 |
      Ziggurat |   1229 |   1229 |      0 |    533 |      0 |  10 |  122.9 |
       Ossuary |    395 |    395 |      0 |     79 |    146 |   1 |  395.0 |
      Ice Cave |   1867 |   1867 |      0 |   1000 |    200 |   1 | 1867.0 |
      Gauntlet |   1036 |   1036 |      0 |    239 |    410 |   1 | 1036.0 |
               +--------+--------+--------+--------+--------+-----+--------+

Top non-repeatable levels by time:
 Swamp:4: 3021 daAuts
Vaults:1: 2279 daAuts
Spider:3: 2237 daAuts
  Lair:5: 2005 daAuts
Spider:4: 1975 daAuts
    D:11: 1902 daAuts
   IceCv: 1867 daAuts
Depths:2: 1842 daAuts
Vaults:5: 1757 daAuts
Vaults:3: 1545 daAuts
  Lair:1: 1531 daAuts
     D:9: 1529 daAuts
  Lair:4: 1459 daAuts
  Lair:6: 1458 daAuts
Vaults:2: 1395 daAuts
